 Dungeon Crawl Stone Soup version 0.24.0-125-gc4c63601f3 (webtiles) character file.

Game seed: 9571023567823611677, levelgen mode: deterministic

7857 MajorAdolf the Cleaver (level 11, -1/145 HPs)
             Began as a Naga Wanderer on Mar 2, 2020.
             Slain by a cyclops (19 damage)
             ... on level 11 of the Dungeon.
             The game lasted 00:19:02 (11806 turns).

MajorAdolf the Cleaver (Naga Wanderer)             Turns: 11806, Time: 00:19:02

Health: -1/145     AC: 10    Str: 22    XL:     11   Next: 21%
Magic:  9/11       EV:  7    Int: 14    God:
Gold:   492        SH:  5    Dex: 10    Spells: 9/10 levels left

rFire    . . .     SeeInvis +   y - +3 broad axe (elec)
rCold    + . .     Gourm    .   G - +0 buckler
rNeg     + . .     Faith    .   k - +0 leather armour {rC+}
rPois    +         Spirit   .   (no helmet)
rElec    .         Reflect  .   Q - scarf {repulsion}
rCorr    .         Harm     .   u - +0 pair of gloves (curse)
MR       ++...                  m - +0 naga barding
Stlth    ..........             (no amulet)
HPRegen  0.34/turn              J - ring of protection from magic
MPRegen  0.12/turn              q - ring of positive energy

@: berserking, repel missiles, quick
A: large, see invisible, deformed body, poison resistance, slowness 2, slow
metabolism 1, spit poison 1, AC +3
a: Spit Poison


You were on level 11 of the Dungeon.
You were not hungry.

You visited 1 branch of the dungeon, and saw 11 of its levels.

You collected 492 gold pieces.

Inventory:

Hand Weapons
 a - a +2 mace
 d - a +0 dagger
 j - a +2 short sword of electrocution
 v - a +0 hand axe of venom
 y - a +3 broad axe of electrocution (weapon)
 M - a +1 war axe of draining
Armour
 k - a +0 leather armour of cold resistance (worn)
 m - a +0 naga barding (worn)
 p - a +0 cloak
 u - a cursed +0 pair of gloves (worn)
 G - a +0 buckler (worn)
 Q - a scarf of repulsion (worn)
Magical Staves
 K - an uncursed staff of wizardry {unknown}
Jewellery
 q - a ring of positive energy (right hand)
 t - an uncursed ring of ice
 J - a ring of protection from magic (left hand)
Wands
 w - a wand of acid (3)
 E - a wand of polymorph (9)
 F - a wand of flame (18)
 P - a wand of paralysis (9)
Scrolls
 s - 3 scrolls of remove curse
 x - 2 scrolls of magic mapping
 I - a scroll of fog
 L - 5 scrolls of identify
 N - 3 scrolls of teleportation
 O - a scroll of noise
Potions
 b - 3 potions of invisibility
 c - 7 potions of curing
 e - a potion of ambrosia
 g - 2 potions of flight
 h - 4 potions of cancellation
 i - 2 potions of degeneration {unknown}
 l - 2 potions of lignification
 n - 2 potions of agility {unknown}
 o - a potion of heal wounds {unknown}
 z - a potion of magic {unknown}
 A - a potion of resistance {unknown}
 B - a potion of mutation {unknown}
 D - 3 potions of might {unknown}
 H - a potion of brilliance {unknown}
Comestibles
 f - 15 rations


   Skills:
 - Level 6.0 Fighting
 + Level 14.3 Axes
 - Level 1.0(9.6) Maces & Flails
 - Level 8.8 Stealth
 + Level 4.9 Shields


You had 9 spell levels left.
You knew the following spells:

 Your Spells              Type           Power        Failure   Level  Hunger
a - Confusing Touch       Hex            #.....       32%         1    ##.....

Your spell library contained the following spells:

 Spells                   Type           Power        Failure   Level  Hunger
 Animate Skeleton         Necr           N/A          32%         1    ##.....
 Apportation              Tloc           #.....       32%         1    ##.....
 Summon Small Mammal      Summ           #...         32%         1    ##.....
 Irradiate                Conj/Tmut      #.........   100%        5    ######.
 Hydra Form               Tmut           #.........   100%        6    #######
 Statue Form              Tmut/Erth      #........    100%        6    #######
 Dragon Form              Tmut           #.........   100%        7    #######


Dungeon Overview and Level Annotations

Branches:
Dungeon (11/15)            Temple (0/1) D:6            Lair (0/6) D:9
    Orc: D:9-12

Altars:
Fedhas
Nemelex Xobeh
Qazlal
The Shining One

Annotations:
D:3 2 transporters, jazmu's ghost, amateur DsAs
D:7 2 transporters
D:9 exclusion: gargoyle, Psyche


Innate Abilities, Weirdness & Mutations

You cannot wear boots.
Your serpentine skin is tough. (AC +3)
You have supernaturally acute eyesight. (SInv)
Armour fits poorly on your strangely shaped body.
Your system is resistant to poisons. (rPois)
You cover ground very slowly.
You have a slow metabolism.
You can spit poison.


Message History

The hound zombie bites you but does no damage.
Casting: Confusing Touch (safe; 34% risk of failure)
Confirm with . or Enter, or press ? or * to list all spells.
Your hands begin to glow red.
The cyclops hits you!!
The hound zombie bites you but does no damage.
The iguana bites you.
You hit the cyclops but do no damage.
You hit the hound zombie but do no damage.
The hound zombie appears confused.
You catch the helpless iguana completely off-guard!
You hit the iguana but do no damage.
The hound zombie bites you but does no damage.
The cyclops hits you!!
* * * LOW HITPOINT WARNING * * *
A red film seems to cover your vision as you go berserk!
You feel yourself moving faster!
You feel mighty!
You slash the cyclops! Lightning courses through the cyclops!
The cyclops is heavily wounded.
You slash the iguana! The cyclops hits you!!
You die...

....... #...
.....!.....##########...
......................=.
................#######.
................# #.
................# ##
..........$.....###
......C.............
....Z..@............#
.......l.(..........#
....................#
...........(........#
....................#
...........##.#.....
...........# .#####
############ .. #


You could see a cyclops, an iguana (confused) and a hound zombie (confused).

Vanquished Creatures
  Erolcha (D:9)
  A two-headed ogre (D:8)
  An ugly thing (D:11)
  2 hornets
  11 yaks
  2 porcupines (D:9)
  2 orc warriors (D:10)
  2 black bears
  2 sky beasts
  2 ice beasts
  A phantom (D:8)
  4 ogres
  3 centaurs
  4 crocodiles
  2 big kobolds
  4 bullfrogs
  3 scorpions
  A water moccasin skeleton (D:5)
  3 killer bees (D:9)
  7 howler monkeys
  A centaur zombie (D:5)
  A bullfrog zombie (D:5)
  4 hounds
  5 orc priests
  2 jellies
  3 bullfrog skeletons
  3 iguanas
  11 worker ants
  3 orc wizards
  3 hound skeletons
  A worker ant zombie (D:6)
  8 gnolls
  10 adders
  3 oozes
  An adder zombie (D:10)
  An adder skeleton (D:6)
  2 worms
  4 dart slugs
  3 leopard geckos
  23 orcs
  3 ball pythons (D:3)
  3 bats
  6 giant cockroaches
  8 goblins
  6 hobgoblins
  10 jackals
  21 kobolds
  2 quokkas
  2 frilled lizards
  A jackal zombie (D:8)
  A quokka skeleton (D:6)
  8 rats
  2 fungi (D:9)
  2 plants (D:9)
225 creatures vanquished.

Vanquished Creatures (others)
  47 fungi (D:9)
  17 plants
64 creatures vanquished.

Grand Total: 289 creatures vanquished

Notes
Turn   | Place    | Note
-------+----------+-------------------------------------------
     0 | D:1      | MajorAdolf the Naga Wanderer began the quest for the Orb.
     0 | D:1      | MajorAdolf set off with the following items: a +2 mace, a
                  | +0 ring mail, a potion of curing, a +0 dagger, a ration
     0 | D:1      | Reached XP level 1. HP: 26/26 MP: 1/1
   164 | D:1      | Reached XP level 2. HP: 33/33 MP: 2/2
   541 | D:1      | Reached skill level 5 in Stealth
   730 | D:2      | Reached XP level 3. HP: 40/40 MP: 3/3
  1202 | D:2      | Reached XP level 4. HP: 48/48 MP: 4/4
  1440 | D:3      | Found a transporter.
  1516 | D:3      | Found a transporter.
  1516 | D:3      | Noticed jazmu's ghost (amateur DsAs)
  1519 | D:3      | Noticed a wyvern
  1814 | D:3      | Reached XP level 5. HP: 55/55 MP: 5/5
  2718 | D:4      | Reached skill level 2 in Axes
  2718 | D:4      | Reached XP level 6. HP: 62/62 MP: 6/6
  3038 | D:4      | Reached skill level 3 in Axes
  3247 | D:4      | Reached skill level 4 in Axes
  3651 | D:5      | Entered Level 5 of the Dungeon
  3707 | D:5      | Found a blossoming altar of Fedhas.
  3733 | D:5      | Reached XP level 7. HP: 55/69 MP: 7/7
  4140 | D:5      | Found a sparkling altar of Nemelex Xobeh.
  4152 | D:5      | Reached skill level 5 in Axes
  4578 | D:5      | Reached skill level 6 in Axes
  5446 | D:6      | Reached XP level 8. HP: 66/76 MP: 8/8
  5459 | D:6      | Found a stormy altar of Qazlal.
  5541 | D:6      | Found a staircase to the Ecumenical Temple.
  5582 | D:6      | Reached skill level 7 in Axes
  6090 | D:7      | Reached skill level 8 in Axes
  6504 | D:6      | Reached skill level 1 in Shields
  6885 | D:7      | Reached skill level 9 in Axes
  6937 | D:7      | Found a transporter.
  6944 | D:7      | Identified the +0 trident "Efoasaf" {venom, +Fly Dex+4}
  7008 | D:7      | Found a transporter.
  7515 | D:8      | Reached XP level 9. HP: 73/82 MP: 9/9
  7800 | D:8      | Noticed a hornet
  7811 | D:8      | Killed a hornet
  7811 | D:8      | Reached skill level 10 in Axes
  8128 | D:8      | Noticed a two-headed ogre
  8131 | D:8      | Killed a two-headed ogre
  8131 | D:8      | Reached skill level 11 in Axes
  8495 | D:9      | Noticed Erolcha
  8499 | D:9      | Killed Erolcha
  8499 | D:9      | Reached skill level 12 in Axes
  8499 | D:9      | Reached XP level 10. HP: 91/91 MP: 10/10
  8606 | D:9      | Noticed Psyche
  8612 | D:9      | Noticed a gargoyle
  9133 | D:9      | Found a staircase to the Lair.
  9147 | D:9      | Reached skill level 13 in Axes
  9675 | D:9      | Identified a scroll of acquirement
  9966 | D:9      | Found a glowing golden altar of the Shining One.
 10251 | D:10     | Entered Level 10 of the Dungeon
 11117 | D:10     | Reached skill level 14 in Axes
 11320 | D:11     | Reached XP level 11. HP: 88/97 MP: 11/11
 11626 | D:11     | Noticed a cyan ugly thing
 11637 | D:11     | Killed a cyan ugly thing
 11792 | D:11     | Learned a level 1 spell: Confusing Touch
 11794 | D:11     | Noticed a cyclops
 11806 | D:11     | Slain by a cyclops

Levels and vault maps discovered:
D:1:      giann_horns, layout_basic
D:2:      layout_loops_ring, minivault_19
D:3:      layout_loops_cross, gammafunk_ghost_arena, roderic_roman_lattice
D:4:      minmay_spotlight, layout_basic, minivault_27, kennysheep_boxes
D:5:      layout_layer_cave, old_standard_altar, first_ration, minivault_1,
          fedhas_bush_and_centaur_altar
D:6:      layout_layer_cave, minmay_temple_entry_tees, grunt_qazlal_sundering
D:7:      layout_basic, gammafunk_ghost_gnarly_gnolls
D:8:      layout_basic
D:9:      layout_loops_corners, kennysheep_mini_moat,
          due_lair_maze_entry_diamond, uniq_psyche, uniq_erolcha
D:10:     layout_basic
D:11:     layout_basic, hangedman_fish_farm

Skill      XL: |  1  2  3  4  5  6  7  8  9 10 |
---------------+-------------------------------+-----
Stealth        | 4 5 6 7 8 |  8.8
Axes           | 2 4 6 9 12 14 | 14.3
Shields        | 2 4 |  4.9
Fighting       | |  6.0
Maces & Flails | |  1.0

Action                   |  1- 3 |  4- 6 |  7- 9 | 10-12 || total
-------------------------+-------+-------+-------+-------++-------
Melee: Mace              |    22 |       |       |       ||    22
       Short sword       |    35 |   143 |   180 |    20 ||   378
       Hand axe          |       |       |     6 |       ||     6
       Broad axe         |       |       |       |   135 ||   135
       War axe           |       |       |       |    51 ||    51
 Cast: Confusing Touch   |       |       |       |     2 ||     2
 Abil: Spit Poison       |     6 |    14 |    12 |     6 ||    38
Evoke: Wand              |       |       |     4 |     3 ||     7
  Use: Scroll            |       |    12 |     3 |    10 ||    25
       Potion            |       |       |       |     2 ||     2
 Stab: Sleeping          |     8 |    19 |    10 |     7 ||    44
       Distracted        |       |     1 |       |       ||     1
       Confused          |       |       |       |     1 ||     1
  Eat: Chunk             |     1 |     7 |    10 |     9 ||    27
       Ration            |       |       |     1 |       ||     1
Armor: Ring mail         |     1 |       |       |       ||     1
       Skin              |    11 |    50 |     5 |       ||    66
       Leather armour    |       |       |    95 |    73 ||   168
Dodge: Dodged            |    20 |    58 |    49 |    49 ||   176
       Deflected         |       |       |       |     1 ||     1
Block: Buckler           |       |       |    16 |    29 ||    45
